 Dungeon Crawl Stone Soup version 0.29-a0-824-gd827844252 (webtiles) character file.

Game seed: 7021305339270614261

77 buhh the Insei (level 4, -4/29 HPs)
             Began as an Octopode Transmuter on July 9, 2022.
             Slain by an orc
             ... wielding a +0 trident
              (6 damage)
             ... on level 3 of the Dungeon.
             The game lasted 00:01:38 (2981 turns).

buhh the Insei (Octopode Transmuter)                Turns: 2981, Time: 00:01:39

Health: -4/29      AC:  1    Str:  9    XL:     4   Next: 34%
Magic:  16/16      EV: 14    Int: 17    God:
Gold:   104        SH:  0    Dex: 18    Spells: 6/7 levels left

rFire   . . .      SeeInvis .     - Unarmed
rCold   . . .      Faith    .   (no shield)
rNeg    . . .      Spirit   .   (helmet restricted)
rPois   .          Reflect  .   (no amulet)
rElec   .          Harm     .   b - ring of magical power
rCorr   .          Rampage  .   i - +6 ring of dexterity
Will    .....                   (no ring)
Stlth   +++.......              (no ring)
HPRegen 0.09/turn               (no ring)
MPRegen 0.15/turn               (no ring)
                                (no ring)
                                (no ring)

@: no status effects
A: almost no armour, amphibious, 8 rings, camouflage 1, gelatinous body 1,
(nimble swimmer 1), tentacles
a: no special abilities


You were on level 3 of the Dungeon.
You visited 1 branch of the dungeon, and saw 3 of its levels.

You collected 104 gold pieces.

Inventory:

Missiles
 k - 3 poisoned darts
Jewellery
 b - a ring of magical power (left tentacle)
 i - a +6 ring of dexterity (right tentacle)
 j - a ring of flight
Wands
 h - a wand of paralysis (5)
Scrolls
 l - a scroll of teleportation {unknown}
Potions
 a - a potion of lignification {!d}
 e - a potion of resistance {!q!d}
 g - a potion of flight {unknown}
 m - a potion of might {unknown}


   Skills:
 + Level 2.1 Fighting
 + Level 2.8 Dodging
 - Level 2.0 Stealth
 + Level 3.5 Unarmed Combat
 - Level 2.0 Spellcasting
 - Level 2.0 Transmutations
 - Level 1.0 Poison Magic


You had 6 spell levels left.
You knew the following spells:

 Your Spells              Type           Power      Damage    Failure   Level
a - Beastly Appendage     Tmut           16%        N/A       9%          1

Your spell library contained the following spells:

 Spells                   Type           Power      Damage    Failure   Level
 Wereblood                Tmut           8%         N/A       13%         2
 Spider Form              Tmut/Pois      6%         N/A       30%         3
 Ice Form                 Ice/Tmut       5%         N/A       77%         4


Dungeon Overview and Level Annotations

Branches:
Dungeon (3/15) Zot: 15023

Altars:
Wu Jian


Innate Abilities, Weirdness & Mutations

You cannot wear most types of armour.
You are amphibious.
You can wear up to eight rings at the same time.
Your skin changes colour to match your surroundings (Stealth+).
Your rubbery body absorbs attacks. (AC +1, EV +1)
((You are camouflaged when in or above water. (Stealth+)))
You have tentacles for arms and can constrict up to eight enemies at once.


Message History

There are monsters nearby!
There are monsters nearby!
The frilled lizard is no longer paralysed.
The orc is no longer paralysed.
The orc hits you but does no damage. The frilled lizard bites you.
The frilled lizard bites you but does no damage.
The orc hits you but does no damage.
The orc hits you from afar with a +0 trident.
* * * LOW HITPOINT WARNING * * *
The frilled lizard bites you but does no damage.
The frilled lizard bites you but does no damage.
The orc hits you but does no damage. The orc hits you but does no damage.
The frilled lizard bites you.
* * * LOW HITPOINT WARNING * * *
The orc hits you but does no damage.
The frilled lizard bites you but does no damage.
The frilled lizard bites you but does no damage.
The orc hits you but does no damage. The orc hits you but does no damage.
The frilled lizard bites you but does no damage.
The frilled lizard bites you but does no damage.
The orc hits you but does no damage. The orc hits you but does no damage.
The frilled lizard bites you but does no damage.
The orc hits you from afar with a +0 trident.
* * * LOW HITPOINT WARNING * * *
The frilled lizard bites you but does no damage.
The frilled lizard bites you but does no damage.
The orc hits you but does no damage.
It was a potion of resistance.
You feel protected. The orc hits you but does no damage.
The frilled lizard barely misses you.
It was a potion of cancellation.
Your magical effects are unravelling.
You feel magically purged.
You feel less wooden.
Your hearing returns.
Your resistance to elements expires.
The frilled lizard barely misses you.
The orc hits you from afar with a +0 trident.
You die...

####......)...###
###............#
..............#.#
####......#####.#
#.......^8^..#
#......#######
#..........#
##+#.####### #@#
#l# #..o)#
#......# ###....#
......# .##...##
. #.?. #...


You could see an orc and a frilled lizard.

Vanquished Creatures
  3 adders
  A worm (D:2)
  2 dart slugs
  4 orcs (D:3)
  3 ball pythons
  An endoplasm (D:2)
  2 giant cockroaches
  7 goblins
  3 hobgoblins
  5 kobolds
  3 bats
  A frilled lizard (D:1)
  7 rats
42 creatures vanquished.

Notes
Turn   | Place    | Note
-------+----------+-------------------------------------------
     0 | D:1      | buhh the Octopode Transmuter began the quest for the Orb.
     0 | D:1      | Reached XP level 1. HP: 13/13 MP: 3/3
   420 | D:1      | Reached XP level 2. HP: 18/18 MP: 3/5
  1523 | D:2      | Reached XP level 3. HP: 18/23 MP: 4/6
  1719 | D:2      | Identified the +0 leather armour "Wanaun" {Harm Str+2
                  | Slay-4}
  2227 | D:2      | Found an ornate altar of the Wu Jian Council.
  2639 | D:2      | Reached XP level 4. HP: 21/29 MP: 7/7
  2981 | D:3      | Slain by an orc

Illustrated notes

Levels and vault maps discovered:
D:1:      lightli_arrival_windingriver, layout_basic
D:2:      layout_basic, basic_altar
D:3:      layout_basic, serial_shops, shop_fountains, shop, chequers_jeans,
          grunt_ministairs_6, ebering_dispersal_statue_hall,
          chequers_serial_rivers_large_b

Skill      XL: |  1  2  3  4 |
---------------+-------------+-----
Stealth        | 1 2 |  2.0
Poison Magic   | 1 |  1.0
Fighting       | 2 |  2.1
Dodging        | |  2.8
Unarmed Combat | |  3.5
Spellcasting   | |  2.0
Transmutations | |  2.0

Action                   |  1- 3 |  4- 6 || total
-------------------------+-------+-------++-------
Melee: Unarmed           |    63 |    17 ||    80
       Constrict         |    13 |     6 ||    19
       Kick              |    15 |     7 ||    22
       Tentacles         |    12 |     3 ||    15
       Punch             |     1 |       ||     1
 Cast: Beastly Appendage |    28 |     4 ||    32
Evoke: Wand              |       |     2 ||     2
  Use: Potion            |       |     3 ||     3
       Scroll            |       |     2 ||     2
 Stab: Sleeping          |    12 |     2 ||    14
Armor: Skin              |     4 |    24 ||    28
Dodge: Dodged            |    26 |    15 ||    41

Table legend: (Time is in decaauts)
 A = Elapsed time spent in this place.
 B = Non-inter-level travel time spent in this place.
 C = Inter-level travel time spent in this place.
 D = Time resting spent in this place.
 E = Time spent auto-exploring this place.
 F = Levels seen in this place.
 G = Mean time per level.
                   A        B        C        D        E       F      G
               +--------+--------+--------+--------+--------+-----+--------+
         Total |   2975 |   2935 |     40 |    235 |   2388 |   3 |  991.7 |
       Dungeon |   2975 |   2935 |     40 |    235 |   2388 |   3 |  991.7 |
               +--------+--------+--------+--------+--------+-----+--------+

Top non-repeatable levels by time:
     D:2: 1606 daAuts
     D:1: 1146 daAuts
     D:3: 222 daAuts
